 Dungeon Crawl Stone Soup version 0.26.1-11-gd32895ea62 (webtiles) character file.

Game seed: 5188757680862010738

901 Zeld the Changer (level 8, 0/54 HPs)
             Began as an Octopode Transmuter on May 27, 2021.
             Shot with an arrow by a centaur (11 damage)
             ... on level 6 of the Dungeon.
             The game lasted 00:04:58 (6359 turns).

Zeld the Changer (Octopode Transmuter)              Turns: 6359, Time: 00:04:58

Health: 0/54       AC:  1    Str: 12    XL:     8   Next: 7%
Magic:  15/15      EV: 14    Int: 15    God:
Gold:   224        SH:  0    Dex: 12    Spells: 7/17 levels left

rFire    . . .     SeeInvis .     - Unarmed
rCold    . . .     Faith    .   (no shield)
rNeg     . . .     Spirit   .   (helmet restricted)
rPois    .         Reflect  .   (no amulet)
rElec    .         Harm     .   (no ring)
rCorr    .         Rampage  .   (no ring)
Will     .....                  (no ring)
Stlth    ++........             (no ring)
HPRegen  0.18/turn              (no ring)
MPRegen  0.14/turn              (no ring)
                                (no ring)
                                (no ring)

@: no status effects
A: almost no armour, stealthy swim, amphibious, 8 rings, constrict 8, camouflage
1, gelatinous body 1
a: no special abilities


You were on level 6 of the Dungeon.
You visited 1 branch of the dungeon, and saw 7 of its levels.
You also visited: Sewer.

You collected 224 gold pieces.

Inventory:

Jewellery
 p - a +6 ring of strength
Wands
 i - a wand of iceblast (8)
 l - a wand of random effects (15)
 m - a wand of polymorph (7)
Scrolls
 c - a scroll of blinking {unknown}
 d - 3 scrolls of teleportation {unknown}
 e - 3 scrolls of remove curse {unknown}
 j - a scroll of noise {unknown}
 n - a scroll of identify {unknown}
Potions
 a - a potion of invisibility {unknown}
 b - a potion of curing
 f - a potion of might {unknown}
 g - 4 potions of heal wounds {unknown}
 h - a potion of haste {unknown}
 k - a potion of lignification {unknown}
 o - a potion of flight {unknown}


   Skills:
 + Level 3.6 Fighting
 + Level 4.0 Dodging
 - Level 3.0 Unarmed Combat
 * Level 5.0 Spellcasting
 * Level 5.4 Transmutations


You had 7 spell levels left.
You knew the following spells:

 Your Spells              Type           Power        Failure   Level
a - Beastly Appendage     Tmut           40%          1%          1
b - Wereblood             Tmut           20%          2%          2
c - Spider Form           Tmut/Pois      6%           16%         3
d - Ice Form              Ice/Tmut       12%          45%         4

Your spell library contained the following spells:

 Spells                   Type           Power        Failure   Level
 Blade Hands              Tmut           10%          43%         5


Dungeon Overview and Level Annotations

Branches:
Dungeon (7/15)             Temple (0/1) D:6           Sewer (visited)

Altars:
Hepliaklqana
Kikubaaqudgha
Makhleb
Uskayaw
Xom


Innate Abilities, Weirdness & Mutations

You cannot wear most types of armour.
You are very stealthy in the water. (Stealth+)
You are amphibious.
You can wear up to eight rings at the same time.
You can use your tentacles to constrict eight enemies at once.
Your skin changes colour to match your surroundings (Stealth+).
Your rubbery body absorbs attacks. (AC +1, EV +1)


Message History

The bullfrog hits you. The orc closely misses you. The bullfrog hits you.
* * * LOW HITPOINT WARNING * * *
Unknown command.
You tentacle-slap the bullfrog but do no damage.
You squeeze the bullfrog.
The bullfrog is lightly wounded.
You constrict the bullfrog. The bullfrog misses you.
Unknown command.
You tentacle-slap the bullfrog. You squeeze the bullfrog!
The bullfrog is almost dead.
You constrict the bullfrog.
You kill the bullfrog!
The orc misses you.
Your Dodging skill increases to level 4!
Your Spellcasting skill increases to level 5!
The orc hits you with a +0 flail.
* * * LOW HITPOINT WARNING * * *
The centaur wields a +0 shortbow.
The centaur shoots an arrow.
The arrow hits you!
You die...

.....c.........#
..⌠.⌠....#....#
##########.....#
>)....>..#...## #.#...#
⌠.⌠....#..... #.#.c.#
....8#.#.##
#.#c..#############.#.#
#+##.z............#.#.#
#.........o..........#.#.##
#..........#####..####.....
#.......##@#...............
#.......##.#.####.##..../..
#.......##.# ......#...#.
#.......##.# ####.###.#.#.
#.......##.. .... #.#...
### ###...#.#.#. ...#.#...
####.#


You could see 2 centaurs, a wight and an orc.

Vanquished Creatures
  Purgy (Sewer)
  A black bear (D:6)
  A centaur (D:6)
  A bullfrog (D:6)
  A scorpion (D:4)
  A howler monkey (D:5)
  A centaur zombie (D:6)
  A hound (D:4)
  3 orc wizards
  A centaur skeleton (D:5)
  Crazy Yiuf (D:5)
  3 jellies
  An orc priest (D:4)
  An iguana (D:4)
  2 worker ants
  5 adders
  An ooze (D:1)
  2 adder skeletons (D:4)
  3 dart slugs (D:2)
  2 leopard geckos (D:5)
  3 giant cockroaches
  5 goblins
  3 hobgoblins (D:2)
  3 jackals (D:2)
  A quokka (D:5)
  A ball python (D:2)
  2 bats (D:2)
  4 frilled lizards
  7 kobolds
  3 rats
65 creatures vanquished.

Vanquished Creatures (others)
  2 withered plants (D:5)
2 creatures vanquished.

Grand Total: 67 creatures vanquished

Notes
Turn   | Place    | Note
-------+----------+-------------------------------------------
     0 | D:1      | Zeld the Octopode Transmuter began the quest for the Orb.
     0 | D:1      | Reached XP level 1. HP: 13/13 MP: 3/3
    44 | D:1      | Reached XP level 2. HP: 5/18 MP: 3/5
    61 | D:1      | Learned a level 2 spell: Wereblood
   859 | D:2      | Reached XP level 3. HP: 5/23 MP: 6/6
  1364 | D:2      | Learned a level 3 spell: Spider Form
  1602 | D:2      | Found a hazy altar of Hepliaklqana.
  1894 | D:3      | Reached XP level 4. HP: 28/29 MP: 6/8
  2375 | D:4      | Reached XP level 5. HP: 34/34 MP: 5/9
  2383 | D:4      | Learned a level 4 spell: Ice Form
  3242 | D:5      | Entered Level 5 of the Dungeon
  3275 | D:5      | Found an ancient bone altar of Kikubaaqudgha.
  3288 | D:5      | Found a shimmering altar of Xom.
  3294 | D:5      | Found a burning altar of Makhleb.
  3296 | D:5      | Found a hide-covered altar of Uskayaw.
  3395 | D:5      | Reached XP level 6. HP: 31/40 MP: 11/11
  4621 | D:5      | Reached XP level 7. HP: 33/45 MP: 13/13
  4995 | D:5      | Found a runed translucent door.
  4996 | D:5      | Noticed Crazy Yiuf
  5015 | D:5      | Killed Crazy Yiuf
  5330 | D:6      | Found a staircase to the Ecumenical Temple.
  5546 | D:6      | Found a glowing drain.
  5556 | Sewer    | Entered a sewer
  5613 | Sewer    | Noticed Purgy
  5642 | Sewer    | Killed Purgy
  5643 | Sewer    | Reached skill level 5 in Transmutations
  6297 | D:6      | Noticed a vampire
  6309 | D:6      | Reached XP level 8. HP: 13/52 MP: 13/15
  6336 | D:6      | Reached skill level 5 in Spellcasting
  6359 | D:6      | Shot with an arrow by a centaur

Illustrated notes

Levels and vault maps discovered:
D:1:      onia_arrival_pyramid, layout_basic, serial_glass, glass_columns_a,
          glass_columns_b
D:2:      layout_loops_corners, lemuel_doored_altar, serial_glass,
          glass_columns_a, glass_columns_a, item_on_display_a,
          due_unseen_surprise, kennysheep_nondescript, kennysheep_generic_room_4
D:3:      minmay_skewed_foursquare, layout_loops_corners,
          chequers_ecumenical_altar_twisty, minmay_misc_feat_four_crosses
D:4:      layout_basic, skrybe_limestone_x
D:5:      layout_cave_pools, minitemple, kiku_gazebo_garden_becter,
          minmay_fountain_box, uniq_crazy_yiuf_cottage
D:6:      layout_basic, overflow_temple_1_default,
          minmay_temple_entry_from_below_b, portal_sewer_entry_e, st_stairs_1,
          chequers_arboretum
D:7:      layout_rooms, nemelex_altar_shiori, gammafunk_ghost_abyssal_escape,
          kennysheep_nub, chequers_guarded_unrand_ignorance

Skill      XL: |  1  2  3  4  5  6  7  8 |
---------------+-------------------------+-----
Fighting       | 2 3 |  3.6
Spellcasting   | 3 4 5 |  5.0
Transmutations | 3 4 5 |  5.4
Dodging        | 3 4 |  4.0
Unarmed Combat | |  3.0

Action                   |  1- 3 |  4- 6 |  7- 9 || total
-------------------------+-------+-------+-------++-------
Melee: Unarmed           |    63 |    75 |    63 ||   201
       Tentacles         |    10 |     5 |     5 ||    20
       Kick              |    14 |    10 |     7 ||    31
       Constrict         |    20 |    11 |     6 ||    37
       Punch             |     2 |     1 |       ||     3
 Cast: Beastly Appendage |    18 |    13 |     6 ||    37
       Spider Form       |       |     4 |     6 ||    10
       Ice Form          |       |     2 |       ||     2
Evoke: Wand              |       |     2 |       ||     2
 Stab: Sleeping          |     7 |       |       ||     7
Armor: Skin              |     4 |     4 |     5 ||    13
Dodge: Dodged            |    41 |    55 |    87 ||   183
